 Dungeon Crawl Stone Soup version 0.30-b1-2-g02819fbbbe (webtiles) character file.

Game seed: 14066673662931504846

11 Alarkh the Charlatan (level 2, 22/22 HPs)
             Began as a Demonspawn Artificer on Nov 26, 2023.
             Got out of the dungeon alive.
             The game lasted 00:00:19 (241 turns).

Alarkh the Charlatan (Demonspawn Artificer)          Turns: 241, Time: 00:00:20

Health: 22/22      AC:  3    Str: 12    XL:     2   Next: 17%
Magic:  2/2        EV: 11    Int: 12    God:
Gold:   0          SH:  0    Dex: 13    Spells: 1/1 levels left

rFire   . . .        a - +0 dagger
rCold   . . .        (no shield)
rNeg    . . .        b - +0 leather armour
rPois   .            (no helmet)
rElec   .            (no cloak)
rCorr   .            (no gloves)
SInv    .            (no boots)
Will    .....        (no amulet)
Stlth   +            (no ring)
HPRegen 0.23/turn    (no ring)
MPRegen 0.08/turn

%: no passive effects
@: no status effects
A: hooves 1
a: no special abilities


You escaped.
You visited 1 branch of the dungeon, and saw 1 of its levels.

Inventory:

Hand Weapons
 a - a +0 dagger (weapon)
Armour
 b - a +0 leather armour (worn)
Wands
 c - a wand of flame (15) (quivered)
 d - a wand of charming (15)
 e - a wand of iceblast (5)
Scrolls
 f - a scroll of teleportation {unknown}


   Skills:
 + Level 2.2 Fighting
 - Level 1.7 Armour
 - Level 0.8 Dodging
 - Level 0.8 Stealth
 - Level 3.0 Evocations


You had one spell level left.
You didn't know any spells.
Your spell library was empty.

Dungeon Overview and Level Annotations

Branches:
Dungeon (1/15)

Altars:


Innate Abilities, Weirdness & Mutations

You have large cloven feet.


Message History

You hit the bat.
The bat is severely wounded.
The bat hits you but does no damage. The bat hits you.
You hit the bat.
You kill the bat!
Your Fighting skill increases to level 2!
A goblin comes into view. It is wielding a +0 dagger.
The goblin shouts!
You hear a shout!
You hit the kobold.
You kill the kobold!
You have reached level 2!
You feel monstrous as your demonic heritage exerts itself.
Your demonic ancestry asserts itself...
Your feet thicken and deform.
You hit the goblin but do no damage. The goblin hits you with a +0 dagger.
You hit the goblin. Your kick misses the goblin.
The goblin is moderately wounded.
The goblin closely misses you.
You hit the goblin but do no damage. Your kick misses the goblin.
The goblin is moderately wounded.
The goblin barely misses you.
You hit the goblin.
You kill the goblin!
A goblin comes into view. It is wielding a +0 dagger.
Things that are here:
a +0 dagger; a goblin corpse The goblin shouts!
The goblin closely misses you.
You barely miss the goblin. You kick the goblin.
You kill the goblin!
No target in view!
No target in view!
No target in view!
No target in view!
Things that are here:
a +0 dagger; a goblin corpse You see here a +0 short sword.
There is a staircase leading out of the dungeon here.
Are you sure you want to leave the Dungeon?
This will make you lose the game!
You have escaped!

#.....### #.#.##..#
###..[....######.#.##..##########
......###.......................#
.###### #.######.######..######.#
## #.#~~~~♣.♣~~~~#........!.
#.#~.P.....♣.~#.##..###..
#.#~PPP...♣♣♣~#..........
#.#♣.P.....♣.♣######..##.
#.......@...........#.##.
###♣.......P.♣#.###..)...
#~......PPP~#.# #....##
#~.......P.~#.# #..#)##
#~...♣.♣...~#.# #..#..#
#~~~~♣.♣~~~~#.# ##.##.#
######.######.. ..##.# #.. ###
####). ...


There were no monsters in sight!

Vanquished Creatures
  A ball python (D:1)
  A bat (D:1)
  3 goblins (D:1)
  2 hobgoblins (D:1)
  2 kobolds (D:1)
9 creatures vanquished.

Vanquished Creatures (others)
  5 toadstools (D:1)
5 creatures vanquished.

Grand Total: 14 creatures vanquished

Notes
Turn   | Place    | Note
-------+----------+-------------------------------------------
     0 | D:1      | Alarkh the Demonspawn Artificer began the quest for the
                  | Orb.
     0 | D:1      | Reached XP level 1. HP: 15/15 MP: 1/1
   211 | D:1      | Discovered your monstrous ancestry.
   211 | D:1      | Gained mutation: You have large cloven feet. [demonic
                  | ancestry]
   211 | D:1      | Reached XP level 2. HP: 22/22 MP: 2/2
   241 | D:$      | Got out of the dungeon alive.

Illustrated notes

Levels and vault maps discovered:
D:1:      ldierk_walled_garden, layout_basic,
          amcnicky_mini_rare_corridor_liquid, chequers_serial_rivers_marsh,
          kennysheep_doodads, minmay_misc_feat_room

Skill      XL: |  1 |
---------------+----+-----
Fighting       | 2 |  2.2
Armour         | |  1.7
Dodging        | |  0.8
Stealth        | |  0.8
Evocations     | |  3.0

Action                     || total
---------------------------++-------
  Melee: Dagger            ||    25
         Club              ||    18
         Kick              ||     1
 Armour: Leather armour    ||    12
  Dodge: Dodged            ||    31
